 Dungeon Sprint DCSS version 0.29.1-12-g30fa7ad0bf (webtiles) character file.

Game seed: 14401547433521629226

10393 Groucho the Spry (level 11, 0/60 HPs)
             Began as a Spriggan Enchanter on Dec 28, 2022.
             Was a High Priest of Dithmenos.
             Succumbed to a death drake's foul vapour
             ... in the Dungeon (Sprint II: "The Violet Keep of Menkaure").
             The game lasted 00:09:03 (680 turns).

Groucho the Spry (Spriggan Enchanter)                Turns: 680, Time: 00:09:04

Health: 0/60       AC:  4    Str:  8    XL:     11   Next: 35%
Magic:  31/31      EV: 30    Int: 15    God:    Dithmenos [*****.]
Gold:   1001       SH:  0    Dex: 16    Spells: 29/40 levels left

rFire   + + .      SeeInvis +   a - +1 dagger
rCold   + + .      Faith    .   (no shield)
rNeg    . . .      Spirit   .   m - +1 robe {rC+ rF+}
rPois   +          Reflect  .   l - +1 hat {Stlth+}
rElec   +          Harm     .   (no cloak)
rCorr   +          Rampage  .   (gloves unavailable)
Will    +....      NoTele   +   (boots unavailable) Stlth **++++++++
                                (no amulet)
HPRegen 0.20/turn               f - ring of flight
MPRegen 0.22/turn               (no ring)

@: lethally poisoned (0 -> -4), resistant, attractive, flying, hasted and
slowed, wreathed by umbra, very quick
A: very small, no large weapons, unfitting armour, see invisible, speed 3, dopey
1
a: Renounce Religion, Shadow Step, Shadow Form


You were in the Dungeon.
You worshipped Dithmenos.
Dithmenos was extremely pleased with you.
You visited 1 branch You collected 1812 gold pieces.
You spent 811 gold pieces at shops.

Inventory:

Hand Weapons
 a - a +1 dagger (weapon)
Armour
 l - a +1 hat of stealth (worn)
 m - a +1 robe of resistance (worn)
Jewellery
 b - a +4 ring of protection
 f - a ring of flight (left hand)
 v - an amulet of guardian spirit
Scrolls
 k - a scroll of torment {unknown}
 p - a scroll of enchant weapon {unknown}
 q - 5 scrolls of identify {unknown}
 r - a scroll of fear {unknown}
Potions
 c - 3 potions of invisibility
 g - 5 potions of magic
 h - a potion of berserk rage
 n - a potion of haste
 s - 2 potions of resistance
 t - a potion of brilliance {unknown}
 u - 2 potions of degeneration {unknown}


   Skills:
 + Level 8.7 Fighting
 - Level 10.0 Short Blades
 + Level 19.3 Dodging
 - Level 16.0 Stealth
 - Level 15.0 Spellcasting
 - Level 14.0 Hexes
 - Level 5.0 Invocations


You had 29 spell levels left.
You knew the following spells:

 Your Spells              Type           Power      Damage    Failure   Level
a - Ensorcelled Hibernat  Hex/Ice        64%        N/A       1%          2
b - Confusing Touch       Hex            52%        N/A       1%          3
c - Dazzling Flash        Conj/Hex       64%        N/A       1%          3
d - Tukima's Dance        Hex            52%        N/A       1%          3

Your spell library contained the following spells:

 Spells                   Type           Power      Damage    Failure   Level
 Inner Flame              Hex/Fire       32%        N/A       1%          3
 Cause Fear               Hex            26%        N/A       1%          4
 Summon Lightning Spire   Summ/Air       11%        N/A       50%         4
 Discord                  Hex            26%        N/A       77%         8
 Storm Form               Tmut/Air       5%         N/A       100%        7
 Maxwell's Capacitive Co  Air            5%         ∞         100%        8


Dungeon Overview and Level Annotations

Branches:
Dungeon (1/1)

Altars:
Cheibriados
Dithmenos
Elyvilon
Fedhas
Gozag
Hepliaklqana
Kikubaaqudgha
Makhleb
Nemelex Xobeh
Okawaru
Qazlal
Ru
Sif Muna
Trog
Uskayaw
Vehumet
Wu Jian
Xom
Yredelemnul
Zin
The Shining One
Jiyva
Lugonu

Shops:
D [=:?!*!:([!(?==

Annotations:
D exclusions: obsidian statue and oklob plant


Innate Abilities, Weirdness & Mutations

You are very small and have problems with some larger weapons.
You are too small for most types of armour.
You have supernaturally acute eyesight. (SInv)
You cover ground extremely quickly. (Speed+++)
You are dopey. (Int -2)


Message History

Okay, then.
You feel very sick.
You feel very sick.
* * * LOW HITPOINT WARNING * * *
You feel very sick.
* * * LOW HITPOINT WARNING * * *
You feel very sick. The death drake breathes miasma at you.
The foul vapour engulfs the death drake.
The death drake completely resists.
* * * LOW HITPOINT WARNING * * *
You feel sick.
There is an open door here.
* * * LOW HITPOINT WARNING * * *
You feel very sick.
You reach down and close the door.
* * * LOW HITPOINT WARNING * * *
You feel very sick.
Okay, then.
* * * LOW HITPOINT WARNING * * *
You feel sick.
* * * LOW HITPOINT WARNING * * *
You feel sick.
* * * LOW HITPOINT WARNING * * *
You feel sick.
There is an open door here.
* * * LOW HITPOINT WARNING * * *
You feel sick.
It was a potion of mutation.
You feel extremely strange.
You feel stupid.
* * * LOW HITPOINT WARNING * * *
You feel sick.
It was a potion of resistance.
You feel protected.
* * * LOW HITPOINT WARNING * * *
You feel sick.
Unknown command.
It was a potion of attraction.
You feel attractive to monsters.
You die...

#########~~#+++#+++#####....#k##|
########~~~.........#..'....#k°#)
.......#~~~~.##+##..#..####.#.k#)
..⌠....#~~~~##.#.##.####..°.##.#)
.∩.∩...#~~~~#.###†# ...#..#..9###
∩.∩.∩..#~~####.#.### ..#####..##)
.∩.∩.∩.#~##†###'###.##..#..'..#.†
∩.....∩#~#..###.####.#..#.°#..#..
.....∩.'~'##.'.<@'.##+°°####..##.
...[..∩#~#..###.##...#.°°k###.k.#
▓▓▓▓▓###~##.###'###.##....°k~~~~~
hh######~~####.#.####~~°°°..~#'##


hh#x$ ##~~~#..#..#~~~~°~§..~#... Ph+).# +#~##.#.##~~~~~~§~.~#... .$#)##≈
~~##+##~~~≈≈≈~§§~~#... $.###≈≈ ~~ ~~~~~§≈≈§§~~#.._ +# ++#~≈≈≈§≈§≈~#._. There
were no monsters in sight!

Vanquished Creatures
  A deep elf master archer (D)
  A kraken (D)
  2 sphinxes (D)
  2 boulder beetles (D)
  An iron elemental (D)
  A death yak (D)
  2 deep trolls (D)
  A yaktaur (D)
  3 polar bears (D)
  3 slime creatures (D)
  A hornet (D)
  2 wyverns (D)
  Menkaure (D)
  4 water moccasins (D)
  4 scorpions (D)
  3 worms (D)
32 creatures vanquished.

Vanquished Creatures (others)
  6 tentacles (D)
6 creatures vanquished.

Grand Total: 38 creatures vanquished

Notes
Turn   | Place    | Note
-------+----------+-------------------------------------------
     0 | D        | Groucho the Spriggan Enchanter began the quest for the Orb.
     0 | D        | Reached XP level 1. HP: 9/9 MP: 5/5
     3 | D        | Noticed a scorpion
     3 | D        | Noticed a scorpion
     5 | D        | Noticed a scorpion
     5 | D        | Noticed a scorpion
     6 | D        | Killed a scorpion
     7 | D        | Reached skill level 5 in Hexes
     7 | D        | Reached XP level 2. HP: 13/13 MP: 5/8
     7 | D        | Reached XP level 3. HP: 16/16 MP: 6/10
     8 | D        | Killed a scorpion
     9 | D        | Reached skill level 10 in Stealth
     9 | D        | Reached skill level 5 in Spellcasting
     9 | D        | Reached XP level 4. HP: 21/21 MP: 6/12
    10 | D        | Killed a scorpion
    11 | D        | Reached skill level 5 in Short Blades
    11 | D        | Reached XP level 5. HP: 24/24 MP: 6/14
    18 | D        | Noticed a wyvern
    18 | D        | Noticed a wyvern
    21 | D        | Killed a wyvern
    22 | D        | Reached XP level 6. HP: 28/28 MP: 6/17
    24 | D        | Killed a wyvern
    32 | D        | Reached skill level 15 in Stealth
    39 | D        | Noticed a boulder beetle
    39 | D        | Noticed a boulder beetle
    42 | D        | Killed a boulder beetle
    43 | D        | Reached skill level 10 in Spellcasting
    43 | D        | Reached skill level 10 in Hexes
    43 | D        | Reached XP level 7. HP: 32/32 MP: 8/22
    43 | D        | Reached XP level 8. HP: 36/36 MP: 8/23
    52 | D        | Learned a level 2 spell: Ensorcelled Hibernation
    56 | D        | Learned a level 3 spell: Confusing Touch
    60 | D        | Learned a level 3 spell: Dazzling Flash
    64 | D        | Learned a level 3 spell: Tukima's Dance
    73 | D        | Killed a boulder beetle
    74 | D        | Reached skill level 10 in Short Blades
   100 | D        | Noticed an obsidian statue
   114 | D        | Found Oconwoco's Jewellery Boutique.
   114 | D        | Found Racseraff's Antique Weapon Shop.
   114 | D        | Found Sixkel's Antique Armour Boutique.
   114 | D        | Found Unobumimn's Distillery.
   114 | D        | Found Qoary's Antique Weapon Shop.
   115 | D        | Found Xompu's Jewellery Shop.
   115 | D        | Found Furhedgh's Book Shop.
   116 | D        | Found Reigheiz's Magic Scroll Boutique.
   116 | D        | Found Miolanyira's Distillery.
   116 | D        | Found Suujiof's General Store.
   116 | D        | Noticed Menkaure
   155 | D        | Killed Menkaure
   158 | D        | Found Watiuli's Distillery.
   158 | D        | Found Jenegis's Magic Scroll Boutique.
   158 | D        | Noticed an oklob plant
   159 | D        | Noticed a polar bear
   159 | D        | Found Xuweytus's Jewellery Shop.
   159 | D        | Found Maxa Nab's Antique Armour Boutique.
   159 | D        | Found Osaatut's Book Shoppe.
   162 | D        | Noticed a polar bear
   175 | D        | Noticed an unseen horror
   181 | D        | Noticed an unseen horror
   203 | D        | Bought a ring of flight for 245 gold pieces
   205 | D        | Bought 2 potions of invisibility for 160 gold pieces
   205 | D        | Bought a potion of might for 40 gold pieces
   209 | D        | Bought a potion of flight for 30 gold pieces
   209 | D        | Bought a potion of invisibility for 80 gold pieces
   211 | D        | Bought a glowing hat for 168 gold pieces
   211 | D        | Bought a runed robe for 88 gold pieces
   264 | D        | Found a snail-covered altar of Cheibriados.
   265 | D        | Found a shadowy altar of Dithmenos.
   265 | D        | Found a viscous altar of Jiyva.
   266 | D        | Found a white marble altar of Elyvilon.
   266 | D        | Found an ancient bone altar of Kikubaaqudgha.
   267 | D        | Found a blossoming altar of Fedhas.
   267 | D        | Found a corrupted altar of Lugonu.
   267 | D        | Found a shimmering blue altar of Sif Muna.
   268 | D        | Found an opulent altar of Gozag.
   268 | D        | Found a burning altar of Makhleb.
   268 | D        | Found a bloodstained altar of Trog.
   269 | D        | Found a sparkling altar of Nemelex Xobeh.
   269 | D        | Found a hide-covered altar of Uskayaw.
   270 | D        | Found a basalt altar of Yredelemnul.
   271 | D        | Found an iron altar of Okawaru.
   271 | D        | Found a radiant altar of Vehumet.
   271 | D        | Found a glowing silver altar of Zin.
   271 | D        | Found a hazy altar of Hepliaklqana.
   271 | D        | Found a sacrificial altar of Ru.
   271 | D        | Found a shimmering altar of Xom.
   272 | D        | Found a stormy altar of Qazlal.
   272 | D        | Found an ornate altar of the Wu Jian Council.
   272 | D        | Found a glowing golden altar of the Shining One.
   276 | D        | Became a worshipper of Dithmenos the Shadowed
   285 | D        | Noticed a death yak
   287 | D        | Killed a death yak
   288 | D        | Reached skill level 5 in Dodging
   288 | D        | Reached XP level 9. HP: 43/43 MP: 25/27
   300 | D        | Reached * piety under Dithmenos
   301 | D        | Reached skill level 6 in Dodging
   304 | D        | Reached skill level 7 in Dodging
   320 | D        | Noticed a deep elf master archer
   323 | D        | Noticed an iron elemental
   331 | D        | Killed a deep elf master archer
   331 | D        | Reached ** piety under Dithmenos
   332 | D        | Reached skill level 9 in Dodging
   332 | D        | Reached skill level 15 in Spellcasting
   332 | D        | Reached XP level 10. HP: 53/53 MP: 27/30
   345 | D        | Killed an iron elemental
   346 | D        | Reached skill level 11 in Dodging
   361 | D        | Reached skill level 12 in Dodging
   362 | D        | Reached *** piety under Dithmenos
   364 | D        | Reached skill level 13 in Dodging
   366 | D        | Reached skill level 14 in Dodging
   374 | D        | Reached skill level 1 in Invocations
   377 | D        | Noticed a kraken
   399 | D        | Killed a kraken
   399 | D        | Reached **** piety under Dithmenos
   400 | D        | Reached skill level 15 in Dodging
   400 | D        | Reached skill level 5 in Invocations
   514 | D        | Reached skill level 16 in Dodging
   519 | D        | Noticed a deep troll
   519 | D        | Noticed a deep troll
   527 | D        | Killed a deep troll
   527 | D        | Reached ***** piety under Dithmenos
   528 | D        | Reached skill level 17 in Dodging
   528 | D        | Reached XP level 11. HP: 58/58 MP: 28/31
   538 | D        | Killed a deep troll
   565 | D        | Noticed a sphinx
   566 | D        | Noticed a sphinx
   568 | D        | Killed a sphinx
   569 | D        | Reached skill level 18 in Dodging
   569 | D        | Killed a sphinx
   570 | D        | Reached skill level 19 in Dodging
   619 | D        | Noticed a death drake
   645 | D        | Noticed a death drake
   645 | D        | Noticed a crystal guardian
   677 | D        | HP: 3/60 [poisoned by a death drake (foul vapour)]
   678 | D        | Gained mutation: You are dopey. (Int -2) [potion of
                  | mutation]
   678 | D        | HP: 1/60 [poisoned by a death drake (foul vapour)]
   680 | D        | Succumbed to a death drake's foul vapour

Illustrated notes

Levels and vault maps discovered:
D:        the_violet_keep_of_menkaure [sprint2_stairs_cluster_1,
          sprint2_shoproom, sprint2_temple, sprint2_basic_supplies,
          sprint2_obstacle_5, sprint2_obstacle_7, sprint2_obstacle_3,
          sprint2_obstacle_1, sprint2_obstacle_4, sprint2_timed_cluster_1,
          sprint2_smallroom_cluster_1, sprint2_smallroom_final_cluster_1,
          sprint2_transparent_cluster_1, sprint2_second_timed_cluster_1,
          sprint2_sniper_area_1, sprint2_heavy_combat_area_1,
          sprint2_mutation_trap_area_1, sprint2_forest_area_1,
          sprint2_light_combat_area_1, sprint2_behind_water_1,
          sprint2_near_end_vault_1]

Skill      XL: |  1  2  3  4  5  6  7  8  9 10 11 |
---------------+----------------------------------+-----
Short Blades   | 3 4 5 6 9 10 | 10.0
Stealth        | 8 10 11 14 16 | 16.0
Spellcasting   | 4 5 6 7 10 13 15 | 15.0
Hexes          | 5 6 8 10 13 14 | 14.0
Fighting       | 2 6 7 8 |  8.7
Dodging        | 5 9 17 19 | 19.3
Invocations    | 5 |  5.0

Action                   |  1- 3 |  4- 6 |  7- 9 | 10-12 || total
-------------------------+-------+-------+-------+-------++-------
Melee: Dagger            |     2 |     7 |    18 |    40 ||    67
       Punch             |       |       |     1 |     3 ||     4
 Cast: Confusing Touch   |       |       |     2 |       ||     2
       Ensorcelled Hiber |       |       |     1 |     5 ||     6
  Use: Potion            |     2 |       |     2 |    10 ||    14
       Scroll            |       |       |       |     2 ||     2
 Stab: Sleeping          |     2 |     7 |     7 |    13 ||    29
       Confused          |       |       |     1 |       ||     1
       Invisible         |       |       |       |     6 ||     6
Dodge: Dodged            |       |       |     2 |    18 ||    20
